 Dungeon Crawl Stone Soup version 0.25.0-9-g26727b657a (webtiles) character file.

Game seed: 2152090327726610941

94420 vurker the Gelid (level 16, -20/114 HPs)
             Began as an Octopode Ice Elementalist on June 16, 2020.
             Was a High Priest of Vehumet.
             Demolished by an alligator (22 damage)
             ... on level 2 of the Swamp.
             The game lasted 01:08:53 (35108 turns).

vurker the Gelid (Octopode Ice Elementalist)       Turns: 35108, Time: 01:08:53

Health: -20/114    AC:  1    Str:  8    XL:     16   Next: 11%
Magic:  32/44      EV: 16    Int: 36    God:    Vehumet [*****.]
Gold:   1079       SH:  5    Dex: 14    Spells: 12/45 levels left

rFire    + . .     SeeInvis .   a - +1 long sword "Apnatos" {drain, *Noise Int+8 Stlth+}
rCold    + . .     Gourm    .   D - +0 buckler
rNeg     + + .     Faith    .   (helmet restricted)
rPois    +         Spirit   .   Z - amulet "Kodo" {RegenMP Dex+2}
rElec    .         Reflect  .   B - ring of protection from cold
rCorr    .         Harm     .   S - ring of Shadows {Umbra +Inv Stlth+}
MR       ++...                  W - ring "Kasax" {rF+ rN++ Int-2}
Stlth    ++++++++++             G - ring of magical power
HPRegen  0.29/turn              J - ring of poison resistance
MPRegen  0.54/turn              V - +6 ring of intelligence
                                R - ring of protection from magic
                                p - ring of the Sparrow {Wiz Stlth+}

@: hasted, wreathed by umbra, very quick
A: almost no armour, stealthy swim, amphibious, 8 rings, constrict 8, camouflage
1, gelatinous body 1
a: Renounce Religion, Evoke Invisibility


You were on level 2 of the Swamp.
You worshipped Vehumet.
Vehumet was extremely pleased with you.
You were not hungry.

You visited 5 branches of the dungeon, and saw 26 of its levels.
You visited 1 bazaar.
You also visited: Trove and Ice Cave.

You collected 2625 gold pieces.
You spent 1546 gold pieces at shops.

Inventory:

Hand Weapons
 a - the +1 long sword "Apnatos" (weapon) {drain, *Noise Int+8 Stlth+}
   (You found it on level 7 of the Dungeon)

   A truly terrible weapon, it drains the life of those it strikes.
   It affects your intelligence (+8).
   It may make noises in combat.
   It makes you more stealthy.
 b - the +7 short sword of Hubris {freeze, rF+ MR+ Str+2 Dex-2}
   (You found it on level 4 of the Dungeon)

   It has been specially enchanted to freeze those struck by it, causing extra
   injury to most foes and up to half again as much damage against particularly
   susceptible opponents.
   It can also slow down cold-blooded creatures.
   It affects your strength (+2).
   It affects your dexterity (-2).
   It protects you from fire.
   It affects your resistance to hostile enchantments.
Missiles
 g - a throwing net (quivered)
Armour
 D - a +0 buckler (worn)
   (You found it on level 8 of the Dungeon)
Magical Staves
 r - an uncursed staff of air
   (You found it on level 5 of the Dungeon)
 P - an uncursed staff of energy
   (You acquired it on level 12 of the Dungeon)
Jewellery
 m - an uncursed ring of protection from fire
   (You bought it in a shop on level 2 of the Orcish Mines)
 o - the ring "Wanuxao" {EV+4 Str+3}
   (You found it in a treasure trove)

   [ring of evasion]

   It affects your evasion (+4).
   It affects your strength (+3).
 p - the ring of the Sparrow (on tentacle) {Wiz Stlth+}
   (You found it in a treasure trove)

   [ring of wizardry]

   It improves your spell success rate.
   It makes you more stealthy.
 B - a ring of protection from cold (left tentacle)
   (You found it on level 8 of the Dungeon)
 E - an uncursed ring of see invisible
   (You found it on level 3 of the Dungeon)
 G - a ring of magical power (on tentacle)
   (You found it on level 11 of the Dungeon)
 J - a ring of poison resistance (on tentacle)
   (You found it on level 2 of the Lair of Beasts)
 L - an uncursed ring of flight
   (You found it on level 5 of the Lair of Beasts)
 R - a ring of protection from magic (on tentacle)
   (You bought it in a shop on level 2 of the Orcish Mines)
 S - the ring of Shadows (right tentacle) {Umbra +Inv Stlth+}
   (You bought it in a shop on level 1 of the Orcish Mines)

   [ring of stealth]

   It lets you turn invisible.
   It makes you more stealthy.
 V - a +6 ring of intelligence (on tentacle)
   (You found it in a treasure trove)
 W - the ring "Kasax" (on tentacle) {rF+ rN++ Int-2}
   (You found it in a treasure trove)

   [ring of protection from fire]

   It affects your intelligence (-2).
   It protects you from fire.
   It greatly protects you from negative energy.
 Z - the amulet "Kodo" (around mantle) {RegenMP Dex+2}
   (You found it in a treasure trove)

   [amulet of magic regeneration]

   It increases your magic regeneration.
   It affects your dexterity (+2).
Wands
 d - a wand of iceblast (9)
   (You found it on level 11 of the Dungeon)
 t - a wand of flame (26)
   (You found it on level 15 of the Dungeon)
 u - a wand of paralysis (16)
   (You found it on level 4 of the Lair of Beasts)
 v - a wand of digging (5)
   (You found it on level 10 of the Dungeon)
 x - a wand of acid (11)
   (You found it on level 1 of the Lair of Beasts)
 z - a wand of clouds (7)
   (You found it on level 2 of the Lair of Beasts)
 A - a wand of enslavement (22)
   (You found it on level 1 of the Lair of Beasts)
 N - a wand of polymorph (25)
   (You found it on level 6 of the Lair of Beasts)
Scrolls
 i - 3 scrolls of immolation
 k - 4 scrolls of enchant weapon
 y - 4 scrolls of summoning
 C - 4 scrolls of magic mapping
 I - 9 scrolls of remove curse
 M - 4 scrolls of enchant armour
 O - 2 scrolls of silence
 T - a scroll of identify
Potions
 c - 4 potions of flight
 f - 2 potions of brilliance
 h - a potion of resistance
 j - 3 potions of mutation
 l - a potion of cancellation
 n - a potion of haste
 q - 5 potions of lignification
 s - 3 potions of ambrosia
 w - a potion of magic
 H - 11 potions of curing
 U - 4 potions of invisibility
Miscellaneous
 F - a phantom mirror
Comestibles
 e - 46 rations


   Skills:
 - Level 12.0 Fighting
 - Level 5.6 Dodging
 - Level 6.6 Stealth
 - Level 4.0 Shields
 + Level 15.1 Spellcasting
 - Level 3.0 Conjurations
 - Level 3.0 Summonings
 * Level 16.7 Ice Magic
 + Level 2.3 Evocations


You had 12 spell levels left.
You knew the following spells:

 Your Spells              Type           Power        Failure   Level  Hunger
a - Freeze                Ice            ####         0%          1    None
b - Frozen Ramparts       Ice            ######       0%          3    None
c - Hailstorm             Conj/Ice       #######.     1%          4    None
d - Summon Ice Beast      Ice/Summ       #######.     1%          4    None
e - Iron Shot             Conj/Erth      #####.....   13%         6    #......
f - Absolute Zero         Ice            #######...   16%         9    #######
z - Freezing Cloud        Conj/Ice/Air   ######....   1%          6    #......

Your spell library contained the following spells:

 Spells                   Type           Power        Failure   Level  Hunger
 Orb of Destruction       Conj           #####.....   32%         7    ####...
 Animate Skeleton         Necr           N/A          1%          1    None
 Apportation              Tloc           ####..       1%          1    None
 Corona                   Hex            ####...      1%          1    None
 Magic Dart               Conj           ####         1%          1    None
 Pain                     Necr           ####         1%          1    None
 Shock                    Conj/Air       ####         1%          1    None
 Sting                    Tmut/Pois      ####         1%          1    None
 Summon Small Mammal      Summ           ####         1%          1    None
 Blink                    Tloc           N/A          1%          2    None
 Call Imp                 Summ           #####...     1%          2    None
 Ensorcelled Hibernation  Hex/Ice        ######       1%          2    None
 Poisonous Vapours        Pois/Air       ####..       1%          2    None
 Slow                     Hex            ####....     1%          2    None
 Swiftness                Chrm/Air       ####....     1%          2    None
 Confusing Touch          Hex            ####....     1%          3    None
 Conjure Flame            Conj/Fire      #####...     1%          3    None
 Dazzling Flash           Conj/Hex       #####.       1%          3    None
 Ignite Poison            Fire/Tmut/Pois ####....     1%          3    None
 Mephitic Cloud           Conj/Pois/Air  ####....     1%          3    None
 Ozocubu's Armour         Chrm/Ice       ######..     1%          3    None
 Recall                   Summ/Tloc      N/A          1%          3    None
 Static Discharge         Conj/Air       #####...     1%          3    None
 Tukima's Dance           Hex            ####....     1%          3    None
 Vampiric Draining        Necr           ####......   1%          3    None
 Airstrike                Air            ####......   1%          4    None
 Olgreb's Toxic Radiance  Pois           ####....     1%          4    None
 Lightning Bolt           Conj/Air       #####.....   2%          5    None
 Simulacrum               Ice/Necr       ######....   2%          6    #......
 Animate Dead             Necr           N/A          6%          4    None
 Agony                    Necr           ####....     16%         5    None
 Borgnjor's Vile Clutch   Necr/Erth      ####......   16%         5    None
 Death Channel            Necr           ####......   61%         6    #......
 Chain Lightning          Conj/Air       #####.....   97%         8    ######.
 Lehudib's Crystal Spear  Conj/Erth      #####.....   97%         8    ######.
 Fire Storm               Conj/Fire      #####.....   100%        9    #######


Dungeon Overview and Level Annotations

Branches:
Dungeon (15/15)            Temple (1/1) D:7            Lair (6/6) D:8
  Swamp (2/4) Lair:2       Spider (0/4) Lair:3        Slime (0/5) Lair:5
    Orc (2/2) D:12            Elf (0/3) Orc:2        Vaults (0/5) D:13
 Depths (0/5) D:15          IceCv (visited)

Altars:
Cheibriados
Dithmenos
Elyvilon
Fedhas
Gozag
Hepliaklqana
Makhleb
Nemelex Xobeh
Okawaru
Qazlal
Ru
Sif Muna
Trog
Vehumet
Xom
Zin
The Shining One
Beogh
Jiyva

Shops:
D:9 *   Orc:1 =   Orc:2 %[=%[

Portals:
Abyss: Lair:4

Annotations:
D:5 2 runed translucent doors, Bvern's ghost, novice GnWz
D:13 2 runed translucent doors, Skimidon's ghost, journeyman MiBe
Lair:4 2 transporters, KrasnyyBoyets's ghost, journeyman DsHu


Innate Abilities, Weirdness & Mutations

You cannot wear most types of armour.
You are very stealthy in the water. (Stealth+)
You are amphibious.
You can wear up to eight rings at the same time.
You can use your tentacles to constrict eight enemies at once.
Your skin changes colour to match your surroundings (Stealth+).
Your rubbery body absorbs attacks. (AC +1, EV +1)


Message History

You can't see any susceptible monsters within range! (Use Z to cast anyway.)
The walls around you are covered in ice.
The wall freezes the alligator.
The alligator closely misses you. The alligator tail-slaps you!
The wall freezes the alligator!
The wall freezes the alligator.
The alligator barely misses you.
You riposte.
You closely miss the alligator. The alligator tail-slaps you.
Aim: an alligator (water, heavily wounded, umbra)
You freeze the alligator!
The wall freezes the alligator.
The alligator seems to slow down.
The alligator bites you!! The alligator tail-slaps you.
Aim: an alligator (water, severely wounded, slow, umbra)
You freeze the alligator.
The alligator seems to slow down.
The wall freezes the alligator!
The alligator seems to slow down.
The alligator misses you. The alligator tail-slaps you.
Aim: an alligator (water, almost dead, slow, umbra)
You freeze the alligator!
You kill the alligator!
Vehumet accepts your kill.
You feel your power returning.
Training target 12.0 for Fighting reached!
Your Fighting skill increases to level 12!
An alligator comes into view.
There is a stone staircase leading up here.
You can't see any susceptible monsters within range! (Use Z to cast anyway.)
A cannonade of hail descends around you!
The hail pelts the alligator!!
You cannot sustain more frozen ramparts right now.
A chill wind blows around you. The alligator bites you!
* * * LOW HITPOINT WARNING * * *
The alligator barely misses you. x2; The alligator misses you.
A chill wind blows around you.
The frozen ramparts melt away.
The alligator bites you!!
* * * LOW HITPOINT WARNING * * *
The alligator tail-slaps you!
* * * LOW HITPOINT WARNING * * *
Your ice beast hits the alligator.
Your ice beast freezes the alligator!
You block the alligator's attack. x2
You feel yourself speed up. The alligator closely misses you.
The alligator tail-slaps you!
* * * LOW HITPOINT WARNING * * *
Your ice beast barely misses the alligator. x2
Aim: an alligator (water, heavily wounded, umbra)
You freeze the alligator. The alligator barely misses you.
You block the alligator's attack.
You feel as though your hastened speed will last longer.
Your ice beast hits the alligator but does no damage.
Your ice beast hits the alligator.
Your ice beast freezes the alligator!!
The alligator bites you!!
You die...

..w.♣ .#...≈
...≈.≈♣ ≈≈≈...≈
.≈≈....♣♣♣♣
≈≈≈..≈≈...♣
.≈≈≈≈≈≈≈≈.♣
.$≈≈≈≈≈≈≈.♣♣♣♣♣♣
≈≈.#####≈.♣♣@..♣♣
##<..t≈≈.♣
##.YY≈≈.♣
#≈..≈≈..≈≈
#≈..≈≈≈≈≈..
#.≈≈≈≈≈≈≈≈≈
#≈≈≈≈≈≈≈.≈≈
♣≈.≈≈≈≈≈.≈≈
♣♣..≈≈≈...


You could see an alligator and 2 friendly ice beasts.

Vanquished Creatures
  Kirke (D:12)
  Nessos (D:13)
  A fire dragon (D:15)
  8 vault guards (D:13)
  4 centaur warriors
  11 hydras
  A ghost crab (Swamp:1)
  3 catoblepae (Lair:6)
  4 two-headed ogres
  3 alligators
  An ogre mage (D:15)
  5 death yaks
  3 orc high priests (Orc:2)
  Nergalle (D:11)
  Sonja (D:13)
  5 skeletal warriors (D:12)
  4 unseen horrors
  A phantasmal warrior (D:14)
  A necromancer (D:15)
  A harpy (shapeshifter) (D:15)
  A wolf spider (Lair:3)
  5 ugly things
  5 cyclopes
  3 manticores
  An orc sorcerer (Orc:2)
  A deep elf mage (D:13)
  A fire giant skeleton (D:15)
  11 elephants
  2 black mambas
  A centaur zombie (D:15)
  A torpor snail (Lair:5)
  Psyche (D:9)
  2 centaur skeletons
  12 spiny frogs
  4 komodo dragons
  A yaktaur zombie (D:15)
  A rime drake (Lair:3)
  A redback zombie (D:15)
  4 trolls
  2 jumping spiders (Lair:3)
  A tengu conjurer (D:14)
  A tyrant leech (Swamp:1)
  11 slime creatures
  Grinder (D:4)
  A bog body (Swamp:1)
  7 hippogriffs
  4 blink frogs (Lair:6)
  A spriggan (D:9)
  Sigmund (D:4)
  A vampire (D:15)
  A shadow (D:12)
  2 redbacks (Lair:3)
  4 wyverns
  55 yaks
  3 hogs (D:12)
  A wraith (D:13)
  3 basilisks
  A steam dragon (D:10)
  9 vampire mosquitoes
  An acid dragon (D:15)
  2 wargs (Orc:2)
  2 swamp worms (Swamp:1)
  6 porcupines
  12 water moccasins
  Duvessa (D:4)
  A swamp drake (Swamp:1)
  5 ice beasts
  14 orc warriors
  A necrophage (D:9)
  2 phantoms
  2 black bears
  2 sky beasts
  8 ogres
  An eye of draining (D:15)
  11 wolves
  7 centaurs
  14 crocodiles
  Blork the orc (D:10)
  4 big kobolds
  26 bullfrogs
  A gnoll sergeant (D:9)
  Dowan (D:4)
  A water moccasin skeleton (D:7)
  5 scorpions
  12 killer bees (D:12)
  7 wights (D:7)
  3 howler monkeys
  An electric eel (Lair:2)
  3 crimson imps
  A bullfrog zombie (D:8)
  10 hounds
  2 jellies
  23 orc priests
  A bullfrog skeleton (D:11)
  Ijyb (D:5)
  7 iguanas
  26 orc wizards
  12 worker ants
  A hound zombie (D:8)
  2 hound skeletons
  A worker ant zombie (D:9)
  13 gnolls
  A howler monkey skeleton (D:5)
  15 adders
  3 oozes
  2 adder zombies
  3 adder skeletons
  A worm (D:2)
  3 dart slugs
  9 leopard geckos
  58 orcs
  7 giant cockroaches
  5 goblins
  10 hobgoblins
  11 jackals
  21 kobolds
  4 quokkas
  7 bats
  3 frilled lizards
  A quokka zombie (D:8)
  9 rats
  19 fungi
  33 plants
  2 withered plants (D:15)
712 creatures vanquished.

Vanquished Creatures (collateral kills)
  A hydra (Lair:2)
  3 death yaks
  A skeletal warrior (D:15)
  A cyclops (D:8)
  A manticore (D:11)
  3 centaur zombies
  A spiny frog (Swamp:1)
  4 centaur skeletons
  A guardian mummy (D:15)
  A harpy zombie (D:14)
  A hornet (D:8)
  A blink frog (Lair:6)
  A spriggan zombie (D:15)
  A fire dragon zombie (D:15)
  8 yaks
  2 vampire mosquitoes
  2 hungry ghosts
  2 swamp worms (Swamp:1)
  A sky beast (D:12)
  A black bear (D:7)
  8 ice beasts
  2 wolves
  A centaur (D:8)
  A bullfrog (Lair:1)
  2 wights (D:7)
  An orc priest (Orc:2)
  A worker ant zombie (D:8)
  2 leopard geckos
55 creatures vanquished.

Vanquished Creatures (others)
  5 dream sheep (Lair:5)
  2 bushes (D:9)
  5 fungi (Lair:6)
  18 plants
  A withered plant (D:15)
31 creatures vanquished.

Grand Total: 798 creatures vanquished

Notes
Turn   | Place    | Note
-------+----------+-------------------------------------------
     0 | D:1      | vurker the Octopode Ice Elementalist began the quest for
                  | the Orb.
     0 | D:1      | Reached XP level 1. HP: 11/11 MP: 3/3
   226 | D:1      | Reached XP level 2. HP: 18/18 MP: 1/5
   836 | D:1      | Reached XP level 3. HP: 22/22 MP: 3/6
  1018 | D:2      | Learned a level 3 spell: Frozen Ramparts
  1036 | D:2      | Reached skill level 1 in Fighting
  1192 | D:2      | Reached XP level 4. HP: 14/28 MP: 5/8
  1412 | D:2      | Found a shadowy altar of Dithmenos.
  1450 | D:2      | Found a hazy altar of Hepliaklqana.
  1961 | D:3      | Learned a level 4 spell: Hailstorm
  2208 | D:3      | Reached XP level 5. HP: 24/34 MP: 5/9
  2211 | D:3      | Reached skill level 5 in Ice Magic
  2393 | D:3      | Reached skill level 1 in Conjurations
  3154 | D:3      | Found a stormy altar of Qazlal.
  3240 | D:4      | Noticed Sigmund
  3257 | D:4      | Noticed Grinder
  3262 | D:4      | Reached XP level 6. HP: 7/39 MP: 6/11
  3556 | D:4      | Killed Sigmund
  3556 | D:4      | Reached XP level 7. HP: 20/45 MP: 11/13
  3583 | D:4      | Reached skill level 6 in Ice Magic
  3810 | D:4      | Noticed Dowan
  3813 | D:4      | Noticed Duvessa
  3831 | D:4      | Killed Duvessa
  3831 | D:4      | Killed Dowan
  3983 | D:4      | Got a glimmering short sword
  3984 | D:4      | Identified the +7 short sword of Hubris {freeze, rF+ MR+
                  | Str+2 Dex-2} (You found it on level 4 of the Dungeon)
  4264 | D:4      | Learned a level 4 spell: Summon Ice Beast
  4293 | D:4      | Killed Grinder
  4293 | D:4      | Reached skill level 5 in Spellcasting
  4293 | D:4      | Reached XP level 8. HP: 8/52 MP: 5/15
  4614 | D:4      | Reached skill level 1 in Summonings
  4763 | D:4      | You fall into a shaft and drop 1 floor!
  4763 | D:5      | Entered Level 5 of the Dungeon
  4914 | D:5      | Reached skill level 7 in Ice Magic
  4944 | D:5      | Found a shimmering blue altar of Sif Muna.
  4944 | D:5      | Found a snail-covered altar of Cheibriados.
  5344 | D:5      | Found a runed translucent door.
  5344 | D:5      | Noticed Bvern's ghost (novice GnWz)
  5584 | D:5      | Noticed Ijyb
  5600 | D:5      | Killed Ijyb
  5787 | D:5      | Found a runed translucent door.
  6841 | D:6      | Found a hazy altar of Hepliaklqana.
  6922 | D:6      | Reached XP level 9. HP: 58/58 MP: 6/18
  7494 | D:7      | Found a bloodstained altar of Trog.
  7495 | D:7      | Found a sparkling altar of Nemelex Xobeh.
  7495 | D:7      | Found an iron altar of Okawaru.
  7536 | D:7      | Found a staircase to the Ecumenical Temple.
  7856 | D:7      | Reached skill level 8 in Ice Magic
  7884 | Temple   | Entered the Ecumenical Temple
  7937 | Temple   | Became a worshipper of Vehumet
  8732 | D:7      | Got a bone long sword
  8737 | D:7      | Identified the cursed +1 long sword "Apnatos" {drain,
                  | *Noise Int+8 Stlth+} (You found it on level 7 of the
                  | Dungeon)
  8833 | D:8      | Reached skill level 5 in Fighting
  8841 | D:8      | Reached * piety under Vehumet
  8841 | D:8      | Offered knowledge of Magic Dart by Vehumet.
  8913 | D:8      | Noticed a cyclops
  8951 | D:8      | Killed a cyclops
  9048 | D:8      | Found a runed translucent door.
  9112 | D:8      | Found a glowing silver altar of Zin.
  9113 | D:8      | Noticed an angel
  9153 | D:8      | Reached skill level 9 in Ice Magic
  9337 | D:8      | Found a sacrificial altar of Ru.
  9553 | D:8      | Found a staircase to the Lair.
  9553 | D:8      | Noticed a komodo dragon
  9568 | D:8      | Killed a komodo dragon
  9568 | D:8      | Reached XP level 10. HP: 67/67 MP: 0/21
  9811 | D:8      | Noticed an unseen horror
  9819 | D:8      | Killed an unseen horror
 10459 | D:9      | Noticed Psyche
 10480 | D:9      | Reached skill level 10 in Ice Magic
 10485 | D:9      | Killed Psyche
 10485 | D:9      | Reached skill level 1 in Shields
 10751 | D:9      | Noticed a two-headed ogre
 10753 | D:9      | Offered knowledge of Sandblast by Vehumet.
 10754 | D:9      | Reached ** piety under Vehumet
 10762 | D:9      | Killed a two-headed ogre
 10762 | D:9      | Reached XP level 11. HP: 74/74 MP: 9/24
 11146 | D:9      | Found Jiferyan's Lightly-Used Armoury.
 11415 | D:9      | Found a blossoming altar of Fedhas.
 11702 | D:10     | Entered Level 10 of the Dungeon
 11702 | D:10     | Noticed a four-headed hydra
 11714 | D:10     | Killed a four-headed hydra
 11719 | D:10     | Reached skill level 11 in Ice Magic
 12143 | D:10     | Noticed Blork the orc
 12149 | D:10     | Killed Blork the orc
 12149 | D:10     | Reached skill level 10 in Spellcasting
 12169 | D:10     | Found a shimmering blue altar of Sif Muna.
 12198 | D:10     | Offered knowledge of Stone Arrow by Vehumet.
 12587 | D:11     | Noticed Nergalle
 12600 | D:11     | Killed Nergalle
 12818 | D:11     | Reached *** piety under Vehumet
 13218 | D:11     | Noticed a cyclops
 13240 | D:11     | Killed a cyclops
 13271 | D:11     | Reached XP level 12. HP: 25/81 MP: 7/26
 13596 | D:11     | Offered knowledge of Mephitic Cloud by Vehumet.
 13627 | D:11     | Reached skill level 12 in Ice Magic
 14295 | Lair:1   | Entered Level 1 of the Lair of Beasts
 15280 | Lair:2   | Noticed a seven-headed hydra
 15287 | Lair:2   | Killed a seven-headed hydra
 15719 | Lair:2   | Found a staircase to the Swamp.
 16237 | Lair:3   | Reached **** piety under Vehumet
 16346 | Lair:3   | Offered knowledge of Iskenderun's Mystic Blast by Vehumet.
 16926 | Lair:3   | Found a hole to the Spider Nest.
 16933 | Lair:3   | Reached skill level 13 in Ice Magic
 17339 | Lair:3   | Noticed an eight-headed hydra
 17342 | Lair:3   | Killed an eight-headed hydra
 17565 | Lair:4   | Reached XP level 13. HP: 90/90 MP: 28/28
 18430 | Lair:4   | Found a one-way gate to the infinite horrors of the Abyss.
 18430 | Lair:4   | Noticed KrasnyyBoyets's ghost (journeyman DsHu)
 18437 | Lair:4   | Found a transporter.
 18463 | Lair:4   | Found a transporter.
 19285 | Lair:5   | Found a viscous altar of Jiyva.
 19286 | Lair:5   | Found a staircase to the Slime Pits.
 19405 | Lair:5   | Found a shimmering altar of Xom.
 19996 | Lair:6   | Entered Level 6 of the Lair of Beasts
 20118 | Lair:6   | Reached skill level 14 in Ice Magic
 20122 | Lair:6   | Reached ***** piety under Vehumet
 20169 | Lair:6   | Offered knowledge of Iron Shot by Vehumet.
 20185 | Lair:6   | Reached skill level 10 in Fighting
 20314 | Lair:6   | Learned a level 6 spell: Iron Shot
 20994 | Lair:6   | Reached XP level 14. HP: 81/99 MP: 29/31
 22089 | Lair:6   | Reached skill level 15 in Ice Magic
 22569 | D:12     | Found a gateway to a bazaar.
 22577 | Bazaar   | Entered a bazaar
 22578 | Bazaar   | Found Panes's Gadget Emporium.
 22578 | Bazaar   | Found Nyxubumi's Food Emporium.
 22579 | Bazaar   | Found Qupp's Magic Scroll Boutique.
 22610 | Bazaar   | Found Rixkoi Loridgh's Food Shop.
 22632 | Bazaar   | Bought a scroll of magic mapping for 31 gold pieces
 22632 | Bazaar   | Bought a scroll of teleportation for 27 gold pieces
 22632 | Bazaar   | Bought a scroll of silence for 67 gold pieces
 22632 | Bazaar   | Bought 2 scrolls of teleportation for 54 gold pieces
 22632 | Bazaar   | Bought a scroll of enchant armour for 67 gold pieces
 22794 | D:12     | Identified a scroll of acquirement
 22817 | D:12     | Found a portal to a secret trove of treasure.
 23869 | D:12     | Noticed Kirke
 23884 | D:12     | Killed Kirke
 23964 | D:12     | Found a staircase to the Orcish Mines.
 24010 | D:12     | Found a roughly hewn altar of Beogh.
 24056 | D:12     | Offered knowledge of Conjure Ball Lightning by Vehumet.
 24823 | Orc:1    | Entered Level 1 of the Orcish Mines
 24912 | Orc:1    | Found Fivu's Jewellery Emporium.
 25289 | Orc:2    | Entered Level 2 of the Orcish Mines
 25390 | Orc:2    | Found Kyecwol's Armour Emporium.
 25404 | Orc:2    | HP: 4/101 [cyclops/large rock (31)]
 25752 | Orc:2    | Found a staircase to the Elven Halls.
 26951 | Orc:2    | Found a roughly hewn altar of Beogh.
 27111 | Orc:2    | Found Udghiecuj's Food Emporium.
 27111 | Orc:2    | Found Ixkias's Food Shoppe.
 27111 | Orc:2    | Found Jutsufaize's Jewellery Shoppe.
 27127 | Orc:2    | Reached XP level 15. HP: 107/107 MP: 25/33
 27141 | Orc:2    | Offered knowledge of Freezing Cloud by Vehumet.
 27200 | Orc:2    | Found Kiqier's Armour Emporium.
 27377 | Orc:2    | Bought an uncursed ring of protection from fire for 350
                  | gold pieces
 27377 | Orc:2    | Bought an uncursed ring of protection from magic for 350
                  | gold pieces
 27434 | Orc:1    | Bought the ring of Shadows {Umbra +Inv Stlth+} for 600 gold
                  | pieces
 27434 | Orc:1    | Found the ring of Shadows {Umbra +Inv Stlth+}
 27548 | D:13     | Noticed Sonja
 27559 | D:13     | Killed Sonja
 27847 | D:13     | Found a large runed translucent door.
 27859 | D:13     | Found a large runed translucent door.
 27903 | D:13     | Learned a level 6 spell: Freezing Cloud
 27974 | D:13     | Noticed Nessos
 27994 | D:13     | Killed Nessos
 28395 | D:13     | Found a gate to the Vaults.
 28407 | D:13     | Reached skill level 16 in Ice Magic
 29028 | D:13     | Noticed Skimidon's ghost (journeyman MiBe)
 29217 | D:14     | Found a frozen archway.
 29501 | IceCv    | Entered an ice cave
 29502 | IceCv    | Found a transporter.
 29612 | D:14     | Reached skill level 5 in Stealth
 30647 | D:15     | Entered Level 15 of the Dungeon
 30673 | D:15     | Reached skill level 5 in Dodging
 32020 | D:15     | Reached skill level 15 in Spellcasting
 32372 | D:14     | Learned a level 9 spell: Absolute Zero
 32422 | D:15     | Found a burning altar of Makhleb.
 32497 | D:15     | Offered knowledge of Orb of Destruction by Vehumet.
 32683 | D:15     | Found a staircase to the Depths.
 32707 | D:15     | Reached skill level 1 in Evocations
 33400 | D:12     | You paid a toll of 14 scrolls of teleportation to enter a
                  | treasure trove
 33401 | Trove    | Entered a treasure trove
 33408 | Trove    | Got a twitching pewter ring
 33410 | Trove    | Got a transparent bronze ring
 33436 | Trove    | Got a steaming granite ring
 33440 | Trove    | Got a flickering glass ring
 33445 | Trove    | Got a scorched sapphire amulet
 33446 | Trove    | Identified the amulet "Kodo" {RegenMP Dex+2} (You found it
                  | in a treasure trove)
 33464 | D:12     | Identified the ring "Boph" {Fire Str+3 Int-5 Stlth+} (You
                  | found it in a treasure trove)
 33467 | D:12     | Identified the ring "Wanuxao" {EV+4 Str+3} (You found it in
                  | a treasure trove)
 33470 | D:12     | Identified the ring "Kasax" {rF+ rN++ Int-2} (You found it
                  | in a treasure trove)
 33472 | D:12     | Identified the ring of the Sparrow {Wiz Stlth+} (You found
                  | it in a treasure trove)
 33659 | Swamp:1  | Entered Level 1 of the Swamp
 33714 | Swamp:1  | Reached XP level 16. HP: 78/114 MP: 35/35
 35106 | Swamp:2  | HP: 2/114 [alligator (10)]
 35108 | Swamp:2  | Demolished by an alligator

Illustrated notes

Levels and vault maps discovered:
D:1:      dpeg_arrival_more_subterranean_lakeside_camping, layout_basic,
          minmay_hexomino_f4
D:2:      layout_basic, nicolae_overflow_crystal_walls,
          nicolae_dithmenos_through_a_glass_darkly
D:3:      layout_loops_ring, nicolae_overflow_hidden_temple, roderic_lattice_a
D:4:      layout_basic, first_ration, enter_ossuary_2, corexii_checkpoint_a,
          uniq_duvessa, uniq_sigmund, uniq_grinder
D:5:      layout_cave_pods, gammafunk_temple_overflow_wave,
          ebering_ghost_sewer_f, portal_sewer_entry_d, kennysheep_windowed_goal,
          uniq_ijyb
D:6:      layout_basic, basic_altar
D:7:      layout_loops_ring, grunt_temple_overflow_open,
          minmay_temple_entry_trees, minmay_misc_feat_square
D:8:      minmay_the_grid_triangle_9x9_recursive_2
          [minmay_the_grid_triangle_9x9_prize_top_heavy,
          minmay_the_grid_triangle_9x9_intruding_spiral,
          minmay_the_grid_triangle_9x9_stretched_checkered,
          minmay_the_grid_triangle_9x9_subtriangle], layout_basic,
          nicolae_ru_awakened_eye, zin_angel, david_lair_shrubbed,
          grunt_decor_one_mirror
D:9:      layout_small_grid, fedhas_altar_decomposition, minmay_shop_damaged,
          the_bakery, uniq_psyche
D:10:     layout_rooms, st_stairs_13, tgw_sif
D:11:     layout_basic, uniq_nergalle
D:12:     layout_stronghold, minmay_orc_entry_temple_small, serial_shops,
          bzr_entry_road, nicolae_trove_entry_columns, minmay_misc_feat_iff,
          uniq_kirke
D:13:     layout_cave_pools, erik_vaults_2, ebering_ghost_disaster_area,
          uniq_sonja, uniq_nessos
D:14:     layout_cave_pods, hangedman_abyss_or_decor_lesser_grid,
          portal_ice_cave_entry_ice_beasts
D:15:     gammafunk_depths_entry_grave, layout_long_grid, serial_park_tiny_pond,
          basic_altar
Temple:   nicolae_temple_hex_pool
Lair:1:   layout_regular_city
Lair:2:   layout_regular_city, swamp_mist_pool, lemuel_fruit_fields,
          lemuel_fruit_fields, infiniplex_staircase_pool_2, grunt_megastairs_5
Lair:3:   layout_big_grid, spider_nest_entry_funnel_web, grunt_megastairs_1
Lair:4:   layout_layer_cave, gammafunk_ghost_abyssal_escape, lemuel_fruit_tree,
          lemuel_fruit_fields, infiniplex_staircase_pool
Lair:5:   layout_gridlike, slime_altar_1, kb_xom_exploding_sheep
Lair:6:   evilmike_catoblepas_cave, layout_loops_ring
Swamp:1:  layout_basic_swamp, evilmike_swamp_ruin_house_5
Swamp:2:  cheibrodos_swamp_tower_of_moss, layout_basic_swamp,
          gammafunk_ghost_hydra_chop, serial_swamp_ruin,
          evilmike_swamp_ruin_wall, evilmike_swamp_ruin_house_4,
          evilmike_swamp_ruin_rubble_1, swamp_pool3, lemuel_altar_in_water
Orc:1:    layout_caves, serial_shops, nicolae_shop_statue_plus
Orc:2:    st_orc_mages, layout_diamond_mine, serial_shops, nicolae_shop_crystal,
          minmay_orc_temple_a

Skill      XL: |  1  2  3  4  5  6  7  8  9 10 11 12 13 14 15 16 |
---------------+-------------------------------------------------+-----
Fighting       | 1 2 3 4 5 6 7 9 10 11 12 | 12.0
Spellcasting   | 3 4 5 6 7 9 10 11 13 14 15 | 15.1
Ice Magic      | 5 6 7 9 10 11 13 14 15 16 | 16.7
Conjurations   | 1 2 3 |  3.0
Summonings     | 2 3 |  3.0
Shields        | 2 4 |  4.0
Dodging        | 3 5 |  5.6
Stealth        | 6 |  6.6
Evocations     | 1 2 |  2.3

Action                   |  1- 3 |  4- 6 |  7- 9 | 10-12 | 13-15 | 16-18 || total
-------------------------+-------+-------+-------+-------+-------+-------++-------
Melee: Dagger            |     2 |    18 |       |       |       |       ||    20
       Constrict         |     2 |     7 |    11 |     8 |    17 |       ||    45
       Tentacles         |     1 |     3 |     5 |    11 |    25 |     1 ||    46
       Short sword       |       |       |    40 |       |     3 |       ||    43
       Long sword        |       |       |     2 |    33 |    92 |       ||   127
 Cast: Freeze            |    37 |    58 |    93 |   100 |   137 |     9 ||   434
       Frozen Ramparts   |     2 |    14 |    17 |    36 |    73 |     1 ||   143
       Hailstorm         |       |       |    42 |   143 |   395 |    22 ||   602
       Summon Ice Beast  |       |       |    22 |    28 |    68 |    13 ||   131
Evoke: Wand              |       |       |     1 |     2 |     4 |       ||     7
  Use: Scroll            |       |    10 |     6 |    11 |     9 |     1 ||    37
       Potion            |       |     1 |     1 |     1 |     4 |     2 ||     9
 Stab: Sleeping          |       |     3 |     5 |     1 |       |       ||     9
       Distracted        |       |       |       |     1 |     2 |       ||     3
  Eat: Chunk             |     1 |     8 |    19 |    24 |    40 |       ||    92
       Ration            |       |       |     2 |       |     4 |     1 ||     7
Armor: Skin              |     3 |     6 |     2 |    12 |     4 |       ||    27
Dodge: Dodged            |    20 |    40 |    92 |   127 |   209 |    13 ||   501
Block: Buckler           |       |       |       |    28 |    79 |     3 ||   110
       Rpst.: Long sword |       |       |     1 |    32 |    58 |     2 ||    93
